AoeStats
← x.jingfu

Nomad

508648146Analyzed
4v4 RM · 9d ago on Sep 23, 2026· 43m 52s· 8 players
Game mode
Random Map
Map size
231×231
Population
200
Speed
Normal
Resources
Standard
Victory
Conquest
Starting age
Dark Age
Ending age
Imperial Age
RankedLock teamsTeams togetherTeam positionsShared explorationLock speedFull tech treeHidden civsTurbo modeCheats
Victory
Defeat
🇧🇷 Spanish · Brazil
1197
+13
🇨🇳 Varangians · China
1196
+13
🇸🇪 Franks · Sweden
1166
+14
🇻🇳 Aztecs · Vietnam
1148
+15
🇮🇳 Mongols · India
1171
-15
🇦🇷 Franks · Argentina
1158
-14
🇳🇱 Teutons · Netherlands
1125
-14
🇮🇳 Spanish · India
1084
-12
x.jingfu
5:35 Loom
15:04 Feudal Age
15:52 Double-Bit Axe
19:50 Scale Barding Armor
21:03 Wheelbarrow
20:46 Forging
22:36 Wheelbarrow
26:53 Castle Age
25:22 Gold Mining
26:58 Stone Mining
27:58 Bow Saw
32:45 Town Watch
42:15 Hand Cart
44:15 Scale Mail Armor
chuquyen
5:42 Loom
14:49 Feudal Age
15:14 Fishing Lines
16:17 Wheelbarrow
19:38 Gold Mining
19:47 Double-Bit Axe
22:42 Castle Age
24:03 Gillnets
24:49 Bow Saw
26:00 Gold Shaft Mining
25:54 Hand Cart
27:29 Scale Mail Armor
27:56 Forging
28:22 Eagle Warrior
29:47 Stone Mining
31:58 Chain Mail Armor
32:04 Horse Collar
33:02 Iron Casting
33:44 Stone Shaft Mining
37:39 Imperial Age
35:32 Heavy Plow
37:48 Elite Eagle Warrior
37:57 Elite Eagle Warrior
39:26 Plate Mail Armor
38:57 Arson
40:32 Blast Furnace
帝国种田大户
14:39 Feudal Age
19:37 Castle Age
21:59 Double-Bit Axe
25:58 Bow Saw
28:07 Fishing Lines
31:25 Horse Collar
34:10 Heavy Plow
35:24 Wheelbarrow
39:00 Imperial Age
37:54 Scale Barding Armor
38:01 Forging
40:00 Chain Barding Armor
40:14 Elite Jarl
41:16 Conscription
笨狸特能吃
4:21 Loom
14:13 Feudal Age
18:34 Castle Age
17:29 Double-Bit Axe
17:56 Fishing Lines
19:44 Bow Saw
21:58 Horse Collar
27:49 Wheelbarrow
27:28 Padded Archer Armor
28:19 Husbandry
29:36 Bloodlines
34:55 Imperial Age
33:41 Hand Cart
34:58 Town Watch
35:22 Gold Mining
35:10 Cavalier
35:56 Scale Barding Armor
36:01 Forging
35:47 Gillnets
37:03 Two-Man Saw
37:23 Chain Barding Armor
36:43 Paladin
38:34 Iron Casting
39:18 Town Patrol
39:57 Plate Barding Armor
41:54 Stone Mining
44:26 Blast Furnace
taisho84
15:16 Feudal Age
15:46 Double-Bit Axe
15:42 Horse Collar
18:44 Stone Mining
21:17 Castle Age
22:04 Scale Mail Armor
22:15 Forging
22:27 Bow Saw
23:03 Loom
24:23 Heavy Plow
32:59 Imperial Age
30:34 Pikeman
32:59 Fletching
35:05 Bodkin Arrow
35:35 Crenellations
42:21 Conscription
44:14 Ballistics
moneyfusion06
5:09 Loom
13:38 Feudal Age
18:11 Castle Age
17:30 Double-Bit Axe
17:59 Stone Mining
19:06 Bow Saw
19:34 Wheelbarrow
18:58 Gold Mining
20:06 Horse Collar
21:01 Fletching
21:28 Heavy Plow
28:06 Hand Cart
30:14 Bodkin Arrow
30:20 Padded Archer Armor
35:07 Imperial Age
33:50 Ballistics
33:48 Bloodlines
33:39 Husbandry
34:02 Thumb Ring
35:12 Elite Mangudai
35:56 Bracer
37:21 Chemistry
38:37 Hoardings
38:28 Leather Archer Armor
39:45 Drill
38:47 Capped Ram
KZA
3:05 Loom
12:47 Feudal Age
20:52 Castle Age
21:26 Scale Barding Armor
21:32 Forging
38:44 Double-Bit Axe
高兴就好
5:21 Loom
13:51 Feudal Age
18:38 Castle Age
18:38 Wheelbarrow
18:20 Horse Collar
18:28 Double-Bit Axe
Connection lost

Rejoining the realm…

Still unreachable

The connection could not be restored.

Session expired

The server has moved on; the page needs a fresh start.